 Dungeon Crawl Stone Soup version 0.30-a0-1085-g990a428a5c (webtiles) character file.

Game seed: 18086795069457825097

505 zazu2006 the Sneak (level 7, 0/56 (60) HPs)
             Began as a Naga Hedge Wizard on Apr 16, 2023.
             Slain by Edmund
             ... wielding a +0 flail of draining
              (8 damage)
             ... on level 5 of the Dungeon.
             The game lasted 00:10:25 (4902 turns).

zazu2006 the Sneak (Naga Hedge Wizard)              Turns: 4902, Time: 00:10:26

HP:   0/56 (60)     AC:  4    Str: 13    XL:     7   Next: 18%
MP:   9/14          EV:  5    Int: 16    God:
Gold: 100           SH:  0    Dex: 10    Spells: 7/15 levels left

rFire   . . .      SeeInvis +    i - +3 dagger (protect)
rCold   . . .      Faith    .    (no shield)
rNeg    . . .      Spirit   .    b - +0 robe
rPois   +          Reflect  .    u - +0 helmet
rElec   .          Rampage  .    (no cloak)
rCorr   .                        (no gloves)
Will    .....                    (no barding)
Stlth   +++                      (no amulet)
HPRegen 0.29/turn                (no ring)
MPRegen 0.14/turn                (no ring)

@: very slightly contaminated, held, drained, very slow
A: AC +2, large, see invisible, deformed body, poison resistance, slowness 2,
spit poison 1, naga tail 1
a: Spit Poison


You were on level 5 of the Dungeon.
You visited 1 branch of the dungeon, and saw 5 of its levels.

You collected 100 gold pieces.

Inventory:

Hand Weapons
 i - a +3 dagger of protection (weapon)
 q - a +1 dagger of holy wrath
Armour
 b - a +0 robe (worn)
 c - a +0 hat
 u - a +0 helmet (worn)
Jewellery
 k - a ring of ice
Wands
 p - a wand of roots (2)
Scrolls
 a - 4 scrolls of teleportation {unknown}
 e - a scroll of fear {unknown}
 f - 2 scrolls of immolation {unknown}
 g - 3 scrolls of silence {unknown}
 j - a scroll of enchant weapon {unknown}
 l - a scroll of summoning {unknown}
 m - a scroll of enchant armour {unknown}
 t - a scroll of fog {unknown}
Potions
 h - a potion of berserk rage
 n - 2 potions of lignification {unknown}
 o - a potion of degeneration {unknown}
 r - a potion of might {unknown}
 s - a potion of heal wounds {unknown}


   Skills:
 + Level 2.1 Fighting
 + Level 2.1 Dodging
 + Level 5.0 Stealth
 + Level 4.9 Spellcasting
 + Level 3.3 Conjurations
 + Level 1.0 Summonings
 + Level 1.0 Translocations
 + Level 2.0 Air Magic
 + Level 1.0 Poison Magic


You had 7 spell levels left.
You knew the following spells:

 Your Spells              Type           Power      Damage    Failure   Level
a - Magic Dart            Conj           56%        1d5       4%          1
b - Mephitic Cloud        Conj/Pois/Air  10%        N/A       19%         3
c - Cigotuvi's Dreadful   Necr/Pois/Air  14%        N/A       16%         2
d - Blink                 Tloc           14%        N/A       16%         2

Your spell library contained the following spells:

 Spells                   Type           Power      Damage    Failure   Level
 Slow                     Hex            12%        N/A       16%         1
 Call Imp                 Summ           14%        N/A       16%         2


Dungeon Overview and Level Annotations

Branches:
Dungeon (5/15)
 Temple: D:4-7

Altars:
Kikubaaqudgha

Annotations:
D:5 Edmund


Innate Abilities, Weirdness & Mutations

Your serpentine skin is tough. (AC +2)
You have supernaturally acute eyesight. (SInv)
Armour fits poorly on your strangely shaped body.
Your system is resistant to poisons. (rPois)
You cover ground very slowly.
You can spit poison.
You have a snake-like lower body.


Message History

Magic courses through your body.
Edmund screams, "NO!
I can't bear this much noise."
Casting: Mephitic Cloud (dangerous; 19% risk of failure)
Confirm with . or Enter, or press ? or * to list all spells.
Aiming: Mephitic Cloud (dangerous; 19% risk of failure)
Press: ? - help, Shift-Dir - straight line, f/p - Edmund
Aim: Edmund, wielding a +0 flail of draining and wearing a +0 chain mail (almost dead, confused, chance to affect: 81%)
The ball explodes into a vile cloud!
The stinking cloud engulfs Edmund but does no damage.
Edmund is almost dead.
The stinking cloud engulfs the gnoll but does no damage.
The stinking cloud engulfs you but does no damage.
The gnoll completely misses you.
Edmund is engulfed in noxious fumes.
Unknown command.
Unknown command.
Unknown command.
Unknown command.
Casting: Mephitic Cloud (dangerous; 19% risk of failure)
Confirm with . or Enter, or press ? or * to list all spells.
Aiming: Mephitic Cloud (dangerous; 19% risk of failure)
Press: ? - help, Shift-Dir - straight line, f - gnoll, p - Edmund
Aim: a gnoll, wielding a +0 whip (chance to affect: 91%)
The ball explodes into a vile cloud!
The stinking cloud engulfs the gnoll but does no damage.
The stinking cloud engulfs Edmund but does no damage.
Edmund is almost dead.
The stinking cloud engulfs you but does no damage.
The gnoll is engulfed in noxious fumes.
The gnoll appears confused.
Edmund is engulfed in noxious fumes.
Edmund appears confused.
Edmund hits you with a +0 flail of draining.
* * * LOW HITPOINT WARNING * * *
You feel drained.
* * * LOW HITPOINT WARNING * * *
Unknown command.
Unknown command.
Unknown command.
You struggle against the net.
Edmund laughs crazily.
Edmund hits you with a +0 flail of draining!
You die...

#.# #.## #..#
#..## ##..##
##..# ##.# #.##
### #..# ##@#
#..# #@g# ##..#
##○## ####...##
##g##
.........####g##
..[....g.....##
.............#
#......#######
.....###


You could see Edmund (confused) and 3 gnolls.

Vanquished Creatures
  A centaur (D:5)
  An orc priest (D:3)
  Terence (D:2)
  4 iguanas (D:5)
  An orc wizard (D:3)
  A hound skeleton (D:4)
  7 gnolls
  8 adders
  A worm (D:2)
  2 dart slugs
  4 orcs (D:3)
  4 endoplasms
  A giant cockroach (D:2)
  10 goblins
  7 hobgoblins
  4 jackals
  13 kobolds
  2 quokkas (D:1)
  4 ball pythons
  6 bats
  7 frilled lizards
  6 rats
95 creatures vanquished.

Vanquished Creatures (others)
  7 plants (D:1)
  2 withered plants (D:4)
9 creatures vanquished.

Grand Total: 104 creatures vanquished

Notes
Turn   | Place    | Note
-------+----------+-------------------------------------------
     0 | D:1      | zazu2006 the Naga Hedge Wizard began the quest for the Orb.
     0 | D:1      | Reached XP level 1. HP: 15/15 MP: 4/4
   406 | D:1      | Reached XP level 2. HP: 22/22 MP: 0/6
   580 | D:1      | Found a faded altar of an unknown god.
   992 | D:1      | Reached XP level 3. HP: 24/28 MP: 0/8
   997 | D:1      | Learned a level 3 spell: Mephitic Cloud
  1000 | D:1      | Learned a level 2 spell: Cigotuvi's Dreadful Rot
  1003 | D:1      | Learned a level 2 spell: Blink
  1919 | D:2      | Noticed Terence
  1944 | D:2      | HP: 1/28 [hobgoblin (3)]
  2097 | D:2      | Reached XP level 4. HP: 36/36 MP: 7/10
  3099 | D:2      | Killed Terence
  3100 | D:2      | Reached XP level 5. HP: 35/43 MP: 2/11
  3238 | D:3      | Reached skill level 1 in Fighting
  3458 | D:3      | Reached skill level 4 in Stealth
  3530 | D:3      | Found an ancient bone altar of Kikubaaqudgha.
  4150 | D:3      | Reached XP level 6. HP: 16/51 MP: 0/13
  4497 | D:5      | Entered Level 5 of the Dungeon
  4791 | D:5      | Noticed Edmund
  4814 | D:5      | Reached skill level 1 in Air Magic
  4816 | D:5      | Reached skill level 5 in Stealth
  4816 | D:5      | Reached skill level 1 in Poison Magic
  4816 | D:5      | Reached XP level 7. HP: 15/60 MP: 6/14
  4902 | D:5      | Slain by Edmund

Illustrated notes

Levels and vault maps discovered:
D:1:      dpeg_arrival_signposts, layout_basic,
          hellmonk_ecumenical_altar_arch_garden, minmay_misc_feat_rows,
          lexackson_kobold_supper
D:2:      layout_basic, uniq_terence
D:3:      layout_basic, nicolae_kikubaaqudgha_miasma_corner,
          kennysheep_pointless_box
D:4:      layout_rooms, serial_undead, serial_undead_d, serial_undead_f,
          serial_undead_d, serial_undead_c, serial_undead_e
D:5:      layout_layer_cave, uniq_edmund

Skill      XL: |  1  2  3  4  5  6  7 |
---------------+----------------------+-----
Spellcasting   | 4 |  4.9
Conjurations   | 2 3 |  3.3
Fighting       | 1 2 |  2.1
Stealth        | 4 5 |  5.0
Dodging        | 2 |  2.1
Air Magic      | 1 2 |  2.0
Poison Magic   | 1 |  1.0
Summonings     | |  1.0
Translocations | |  1.0

Action                     |  1- 3 |  4- 6 |  7- 9 || total
---------------------------+-------+-------+-------++-------
  Melee: Dagger            |    18 |   101 |     9 ||   128
         Punch             |       |     1 |       ||     1
   Cast: Magic Dart        |    75 |    96 |       ||   171
         Mephitic Cloud    |     5 |    12 |     7 ||    24
         Blink             |       |     1 |       ||     1
Ability: Spit Poison       |    10 |    13 |     5 ||    28
  Evoke: Wand              |       |     1 |     1 ||     2
    Use: Potion            |       |       |     1 ||     1
   Stab: Confused          |       |    10 |     3 ||    13
         Sleeping          |       |     1 |       ||     1
 Armour: Robe              |    10 |    54 |     2 ||    66
  Dodge: Dodged            |    17 |    90 |     4 ||   111

Table legend: (Time is in decaauts)
 A = Elapsed time spent in this place.
 B = Non-inter-level travel time spent in this place.
 C = Inter-level travel time spent in this place.
 D = Time resting spent in this place.
 E = Time spent auto-exploring this place.
 F = Levels seen in this place.
 G = Mean time per level.
                   A        B        C        D        E       F      G
               +--------+--------+--------+--------+--------+-----+--------+
         Total |   5908 |   5811 |     97 |    345 |   4578 |   5 | 1181.6 |
       Dungeon |   5908 |   5811 |     97 |    345 |   4578 |   5 | 1181.6 |
               +--------+--------+--------+--------+--------+-----+--------+

Top non-repeatable levels by time:
     D:1: 1997 daAuts
     D:2: 1882 daAuts
     D:3: 1491 daAuts
     D:5: 457 daAuts
     D:4: 79 daAuts
